 Dungeon Crawl Stone Soup version 0.29.1-1-gd02db6906a (webtiles) character file.

Game seed: 14069101647166283207

44 112233 the Gusty (level 3, -10/20 HPs)
             Began as a Tengu Air Elementalist on Oct 10, 2022.
             Mangled by Sigmund
             ... wielding a +0 scythe
              (12 damage)
             ... on level 2 of the Dungeon.
             The game lasted 00:01:36 (2308 turns).

112233 the Gusty (Tengu Air Elementalist)           Turns: 2308, Time: 00:01:37

Health: -10/20     AC:  2    Str:  8    XL:     3   Next: 60%
Magic:  0/7        EV: 12    Int: 17    God:
Gold:   69         SH:  0    Dex: 14    Spells: 5/6 levels left

rFire   + . .      SeeInvis .   e - +0 dagger (protect)
rCold   + . .      Faith    .   (no shield)
rNeg    . . .      Spirit   +   a - +0 robe
rPois   +          Reflect  .   (helmet restricted)
rElec   +          Harm     .   (no cloak)
rCorr   +          Rampage  .   (no gloves)
Will    .....                   (boots unavailable)
Stlth   ++........              h - amulet of guardian spirit
HPRegen 0.06/turn               (no ring)
MPRegen 0.10/turn               (no ring)

@: mighty, resistant, on berserk cooldown, flying, slowed, very slow
A: beak, talons 3
a: no special abilities


You were on level 2 of the Dungeon.
You visited 1 branch of the dungeon, and saw 2 of its levels.

You collected 69 gold pieces.

Inventory:

Hand Weapons
 e - a +0 dagger of protection (weapon)
Armour
 a - a +0 robe (worn)
Jewellery
 h - an amulet of guardian spirit (around neck)
 o - an amulet of reflection
Scrolls
 d - 2 scrolls of noise {unknown}
 g - a scroll of blinking {unknown}
 i - a scroll of fear {unknown}
 j - 5 scrolls of teleportation {unknown}
 l - a scroll of amnesia {unknown}
 m - a scroll of identify {unknown}
Potions
 b - a potion of magic
 c - a potion of flight
 f - a potion of resistance
 k - a potion of might


   Skills:
 + Level 1.3 Fighting
 + Level 2.8 Dodging
 - Level 2.0 Stealth
 + Level 2.4 Spellcasting
 - Level 1.3 Conjurations
 + Level 4.5 Air Magic


You had 5 spell levels left.
You knew the following spells:

 Your Spells              Type           Power      Damage    Failure   Level
a - Shock                 Conj/Air       48%        1d6       5%          1

Your spell library contained the following spells:

 Spells                   Type           Power      Damage    Failure   Level
 Static Discharge         Conj/Air       12%        3-5/arc   9%          2
 Swiftness                Air            17%        N/A       9%          3
 Airstrike                Air            8%         2d(2-18)  28%         4
 Inner Flame              Hex/Fire       2%         N/A       50%         3
 Cause Fear               Hex            1%         N/A       88%         4
 Discord                  Hex            1%         N/A       100%        8


Dungeon Overview and Level Annotations

Branches:
Dungeon (2/15)

Altars:

Annotations:
D:2 Sigmund


Innate Abilities, Weirdness & Mutations

You have a beak for a mouth.
You have claws for feet.


Message History

There is a strange disturbance nearby!
You are confused.
You are too confused!
You are too confused!
You are too confused!
Unknown command.
You are too confused!
You are too confused!
You are too confused!
It was a potion of flight.
You feel very buoyant.
You fly up into the air.
It was a potion of resistance.
You feel protected.
A magic dart appears from out of thin air!
The magic dart hits you!
Unknown command.
It was a potion of might.
You feel very mighty all of a sudden.
It was a potion of berserk rage.
A red film seems to cover your vision as you go berserk!
You feel yourself moving faster!
You feel mighty!
Unknown command.
You feel a strong urge to attack something.
Something hits you!
* * * LOW HITPOINT WARNING * * *
You bump into the rock wall.
You bump into the rock wall.
You feel your anger nearly subside.
A magic dart appears from out of thin air!
The magic dart hits you.
* * * LOW HITPOINT WARNING * * *
You are no longer berserk.
You are exhausted.
You feel yourself slow down.
You bump into the rock wall.
You feel less confused. Something hits you!
Ouch! That really hurt!
You die...

.....#.####.##...................
...#..{.....######...#...#...####
#.##.######.## #...#...#...#
..##.# #..# #.<.#...#.>.# ####.#
#..# #)..#...#...# ####.# #..#
#####...##### .....# #..# #...###
###### #..#########...#.# ....#
#....{@..........#
###.########.###############
#..........# ############


There were no monsters in sight!

Vanquished Creatures
  An adder (D:2)
  3 bats
  2 endoplasms
  4 giant cockroaches
  6 hobgoblins
  2 quokkas (D:1)
  3 ball pythons
  2 frilled lizards
  4 goblins
  4 kobolds (D:1)
  2 rats
33 creatures vanquished.

Notes
Turn   | Place    | Note
-------+----------+-------------------------------------------
     0 | D:1      | 112233 the Tengu Air Elementalist began the quest for the
                  | Orb.
     0 | D:1      | Reached XP level 1. HP: 10/10 MP: 4/4
   235 | D:1      | Reached XP level 2. HP: 16/16 MP: 1/6
   334 | D:1      | Found a faded altar of an unknown god.
  1098 | D:1      | Reached skill level 1 in Fighting
  1344 | D:2      | Reached XP level 3. HP: 19/20 MP: 1/7
  2138 | D:2      | Noticed Sigmund
  2308 | D:2      | Mangled by Sigmund

Illustrated notes

Levels and vault maps discovered:
D:1:      evilmike_arrival_plus, layout_basic,
          shapermc_ecumenical_altar_notcrosses, minivault_27
D:2:      layout_loops_ring, nicolae_elevator_lobby_plus, uniq_sigmund

Skill      XL: |  1  2 |
---------------+-------+-----
Fighting       | 1 |  1.3
Dodging        | |  2.8
Stealth        | |  2.0
Spellcasting   | |  2.4
Conjurations   | |  1.3
Air Magic      | |  4.5

Action                   || total
-------------------------++-------
Melee: Dagger            ||    11
       Kick              ||     2
       Peck              ||     1
 Cast: Shock             ||    82
  Use: Potion            ||     4
Armor: Robe              ||     3
Dodge: Dodged            ||    10
